 Dungeon Crawl Stone Soup version 0.30-a0-475-g03497ec522 (webtiles) character file.

Game seed: 16759874110553915242

9963 Adrian566 the Cleaver (level 11, -1/67 HPs)
             Began as a Gargoyle Fighter on Dec 21, 2022.
             Was an Initiate of Gozag.
             Slain by a fire elemental (12 damage)
             ... summoned by a deep elf pyromancer
             ... on level 11 of the Dungeon.
             The game lasted 00:16:01 (10609 turns).

Adrian566 the Cleaver (Gargoyle Fighter)           Turns: 10609, Time: 00:16:01

Health: -1/67      AC: 30    Str: 25    XL:     11   Next: 54%
Magic:  11/11      EV:  9    Int:  9    God:    Gozag
Gold:   467        SH:  6    Dex: 13    Spells: 10/10 levels left

rFire   . . .      SeeInvis .    a - +1 war axe
rCold   . . .      Faith    .    n - +1 buckler of Eternity {Will+}
rNeg    + . .      Spirit   .    H - +2 chain mail "Quzxyasat" {Will+ Slay+2}
rPois   ∞          Reflect  .    h - +0 helmet
rElec   +          Harm     .    J - +2 cloak {Stlth+}
rCorr   .          Rampage  .    v - +0 pair of gloves
Will    ++...      Clarity  +    m - +0 pair of boots
Stlth   ..........               (no amulet)
HPRegen 0.31/turn                y - +3 ring of strength
MPRegen 0.12/turn                (no ring)

@: gold aura
A: sickness immunity, AC +8, negative energy resistance 1, electricity
resistance, torment resistance 1, petrification resistance, claws 1, iridescent
scales 1, agile 1, clarity
a: Renounce Religion, Potion Petition, Call Merchant, Bribe Branch


You were on level 11 of the Dungeon.
You worshipped Gozag.
Gozag was aware of your devotion.
You visited 2 branches of the dungeon, and saw 12 of its levels.

You collected 1274 gold pieces.
You spent 150 gold pieces at shops.
You paid 657 gold pieces to Gozag.

Inventory:

Hand Weapons
 a - a +1 war axe (weapon)
Armour
 h - a +0 helmet (worn)
 m - a +0 pair of boots (worn)
 n - the +1 buckler of Eternity (worn) {Will+}
   (You found it on level 2 of the Dungeon)

   Will:      It increases your willpower.
 v - a +0 pair of gloves (worn)
 H - the +2 chain mail "Quzxyasat" (worn) {Will+ Slay+2}
   (You found it on level 6 of the Dungeon)

   Slay:      It affects your accuracy & damage with ranged weapons and melee
   (+2).
   Will:      It increases your willpower.
 J - a +2 cloak of stealth (worn)
Jewellery
 t - a +6 ring of intelligence
 w - an amulet of faith
 y - a +3 ring of strength (left hand)
 F - an amulet of the acrobat
Wands
 b - a wand of charming (2)
 q - a wand of iceblast (25)
 D - a wand of quicksilver (12)
 E - a wand of flame (7)
 K - a wand of polymorph (8)
Scrolls
 e - a scroll of teleportation
 r - 5 scrolls of vulnerability
 s - 2 scrolls of noise
 B - 2 scrolls of magic mapping
 C - a scroll of enchant armour
Potions
 f - 6 potions of curing
 g - a potion of cancellation
 i - 5 potions of brilliance
 l - 5 potions of lignification
 o - a potion of resistance
 p - 3 potions of ambrosia {unknown}
 u - a potion of degeneration
 x - 3 potions of attraction {unknown}
 z - 3 potions of heal wounds {unknown}
 A - 3 potions of flight
 G - a potion of magic {unknown}
 M - 4 potions of haste


   Skills:
 + Level 7.0 Fighting
 * Level 13.1 Axes
 + Level 8.1 Armour
 + Level 3.0 Dodging
 + Level 2.0 Stealth
 + Level 5.8 Shields


You had 10 spell levels left.
You didn't know any spells.
Your spell library contained the following spells:

 Spells                   Type           Power      Damage    Failure   Level
 Magic Dart               Conj           0%         1d3       96%         1
 Necrotise                Necr           0%         1d4       96%         1
 Blink                    Tloc           0%         N/A       99%         2
 Momentum Strike          Conj/Tloc      0%         3d8       99%         2
 Poisonous Vapours        Pois/Air       0%         N/A       99%         2
 Frozen Ramparts          Ice            0%         1d1       100%        3
 Lesser Beckoning         Tloc           0%         N/A       100%        3
 Mephitic Cloud           Conj/Pois/Air  0%         N/A       100%        3
 Vampiric Draining        Necr           0%         2d6       100%        3
 Ice Form                 Ice/Tmut       0%         N/A       100%        4
 Summon Ice Beast         Ice/Summ       0%         N/A       100%        4
 Agony                    Necr           0%         N/A       100%        5
 Orb of Destruction       Conj           0%         9d5       100%        7
 Cigotuvi's Dreadful Rot  Necr/Pois/Air  Unusable   N/A       N/A         2

Dungeon Overview and Level Annotations

Branches:
Dungeon (11/15)            Temple (1/1) D:4             Orc (0/2) D:11
   Lair: D:8-11

Altars:
Ashenzari
Cheibriados
Dithmenos
Elyvilon
Fedhas
Gozag
Hepliaklqana
Kikubaaqudgha
Makhleb
Nemelex Xobeh
Okawaru
Qazlal
Ru
Sif Muna
Trog
Uskayaw
Vehumet
Wu Jian
Xom
Yredelemnul
Zin
The Shining One

Shops:
D:2 =   D:5 =   D:6 [


Innate Abilities, Weirdness & Mutations

You are immune to sickness and miasma.
Your stone body is resilient. (AC +8)
You are immune to poison.
You resist negative energy. (rN+)
You are resistant to electric shocks. (rElec)
You are resistant to unholy torment.
You are immune to petrification.
You have sharp fingernails.
You are partially covered in iridescent scales. (AC +2)
You are agile. (Dex +4, Str/Int -1)
You possess an exceptional clarity of mind.


Message History

A howler monkey comes into view.
A howler monkey is nearby!
A howler monkey is nearby!
A howler monkey is nearby!
A howler monkey is nearby!
The howler monkey hoots and howls with incredible vigour!
The sentinel's mark upon you fades away.
You block the howler monkey's attack.
You barely miss the howler monkey. You block the howler monkey's attack.
You slash the howler monkey!
The howler monkey is severely wounded.
The howler monkey hoots and howls with incredible vigour!
You hear a shout!
Something shouts, "Decamp, thou clouted tip-merry socdollager!"
You hit the howler monkey.
The howler monkey is severely wounded.
You hit the fire elemental. The fire elemental hits you.
The fire elemental burns you!
The howler monkey hits you but does no damage.
You hit the howler monkey.
The howler monkey is almost dead.
You barely miss the fire elemental. The fire elemental hits you.
The fire elemental burns you!
* * * LOW HITPOINT WARNING * * *
The howler monkey hits you but does no damage.
You closely miss the howler monkey.
The howler monkey is almost dead.
You barely miss the fire elemental. The fire elemental hits you.
The fire elemental burns you!
* * * LOW HITPOINT WARNING * * *
The howler monkey hoots and howls with incredible vigour!
The howler monkey hits you but does no damage.
The fire elemental closely misses you.
You hear a shout!
You slice the howler monkey!!
You kill the howler monkey!
You slash the fire elemental! The fire elemental hits you.
The fire elemental burns you!
You die...
Your body crumbles into a pile of gold.

##### ##### #....
.##########...#######.###
#...........#.......[.###
.......h...#.............
.....###@E☼....###....###
... #..E......#.....# # $
. #$.#°..#.$#..#..# #
####...#######..### $
#...# #..#...## ......
#......##
......###.......
#......###... ..... #....


You could see 2 fire elementals and a howler monkey (catching breath).

Vanquished Creatures
  An ice dragon (D:10)
  2 two-headed ogres
  An orc knight (D:11)
  2 cyclopes
  Maggie (D:10)
  A guardian serpent (shapeshifter) (D:11)
  4 trolls
  Psyche (D:8)
  5 yaks (D:10)
  A shadow (D:11)
  A human (D:8)
  A vampire mosquito (D:11)
  4 hogs (D:8)
  Menkaure (D:5)
  An acid dragon (D:11)
  Edmund (D:5)
  A water moccasin (D:4)
  A sky beast (D:7)
  3 orc warriors
  An ogre (D:6)
  A centaur (D:9)
  A phantom (D:4)
  2 kobold brigands
  A necrophage (D:4)
  2 gnoll sergeants
  3 wights (D:9)
  7 killer bees
  An electric eel (D:11)
  A crimson imp (D:3)
  8 howler monkeys
  5 hounds
  4 jellies
  7 orc priests
  2 gnoll boudas
  Crazy Yiuf (D:6)
  Ijyb (D:4)
  6 iguanas
  4 orc wizards
  22 gnolls
  10 adders
  2 white imps (D:6)
  A worm (D:2)
  7 dart slugs
  30 orcs
  7 ball pythons
  8 endoplasms
  16 giant cockroaches
  8 goblins
  4 hobgoblins
  2 jackals (D:1)
  6 quokkas
  8 bats
  A frilled lizard (D:3)
  A goblin skeleton (D:3)
  2 goblin zombies (D:3)
  2 hobgoblin zombies (D:3)
  9 kobolds
  A kobold skeleton (D:3)
  A kobold zombie (D:3)
  An orc skeleton (D:3)
  8 rats
248 creatures vanquished.

Vanquished Creatures (others)
  An orc wizard (D:11)
  4 plants
5 creatures vanquished.

Grand Total: 253 creatures vanquished

Notes
Turn   | Place    | Note
-------+----------+-------------------------------------------
     0 | D:1      | Adrian566 the Gargoyle Fighter began the quest for the Orb.
     0 | D:1      | Reached XP level 1. HP: 14/14 MP: 1/1
   136 | D:1      | Reached skill level 2 in Axes
   136 | D:1      | Reached XP level 2. HP: 19/19 MP: 2/2
   274 | D:1      | Found a faded altar of an unknown god.
   539 | D:2      | Reached XP level 3. HP: 20/24 MP: 3/3
   606 | D:2      | Found Xyosch's Jewellery Emporium.
   846 | D:2      | Reached skill level 3 in Axes
   846 | D:2      | Reached XP level 4. HP: 27/29 MP: 4/4
   860 | D:2      | Identified the +1 buckler of Eternity {Will+}
  1059 | D:2      | Reached XP level 5. HP: 33/33 MP: 5/5
  1174 | D:3      | Reached skill level 4 in Axes
  1310 | D:3      | Found a glowing golden altar of the Shining One.
  1412 | D:3      | Found a bloodstained altar of Trog.
  2357 | D:4      | Found a staircase to the Ecumenical Temple.
  2358 | D:4      | Got the Commentary on the Salvo
  2360 | D:4      | Noticed a water moccasin
  2372 | D:4      | Killed a water moccasin
  2373 | D:4      | Reached XP level 6. HP: 38/39 MP: 6/6
  2378 | Temple   | Entered the Ecumenical Temple
  2604 | D:4      | Identified the +2 ring mail of the Loofah {Will+ Dex+7}
  2832 | D:5      | Entered Level 5 of the Dungeon
  2832 | D:5      | Noticed Menkaure
  2840 | D:5      | Killed Menkaure
  2841 | D:5      | Reached skill level 5 in Axes
  2841 | D:5      | Reached XP level 7. HP: 5/44 MP: 7/7
  3286 | D:5      | Noticed Ijyb
  3329 | D:4      | Reached skill level 1 in Dodging
  3346 | D:4      | Killed Ijyb
  3417 | D:5      | Reached skill level 6 in Axes
  3480 | D:5      | Noticed Edmund
  3504 | D:5      | Killed Edmund
  3637 | D:5      | Found a broken altar of Ashenzari.
  3749 | D:5      | Reached XP level 8. HP: 45/48 MP: 8/8
  3834 | D:5      | Found Ithavuputa's One-of-a-Kind Rings.
  3841 | D:5      | Bought a +3 ring of strength for 150 gold pieces
  4038 | D:5      | Found a hide-covered altar of Uskayaw.
  4216 | D:6      | Found Zefestre's Antique Armour Shop.
  4227 | D:6      | Reached skill level 5 in Fighting
  4231 | D:6      | Reached skill level 7 in Axes
  4341 | D:6      | Identified the +2 chain mail "Quzxyasat" {Will+ Slay+2}
  4977 | D:6      | Found a runed translucent door.
  4978 | D:6      | Noticed Crazy Yiuf
  5085 | D:6      | Killed Crazy Yiuf
  5234 | D:7      | Reached skill level 5 in Armour
  5279 | D:7      | Reached skill level 8 in Axes
  5482 | D:7      | Found a shadowy altar of Dithmenos.
  5596 | D:7      | Found a blossoming altar of Fedhas.
  5611 | D:7      | Reached XP level 9. HP: 54/54 MP: 9/9
  5749 | D:7      | Found a sacrificial altar of Ru.
  5963 | D:8      | Reached skill level 1 in Stealth
  6107 | D:8      | Noticed Psyche
  6132 | D:8      | Killed Psyche
  6133 | D:8      | Reached skill level 9 in Axes
  6221 | D:8      | Noticed a cyclops
  6231 | D:8      | Killed a cyclops
  6232 | D:8      | Reached skill level 5 in Shields
  6557 | D:8      | Reached skill level 10 in Axes
  6583 | D:8      | Reached XP level 10. HP: 36/60 MP: 10/10
  6878 | D:9      | Noticed an ice dragon
  7011 | D:9      | Found an opulent altar of Gozag.
  7041 | D:9      | Became a worshipper of Gozag Ym Sagoz the Greedy
  7421 | D:9      | Noticed a two-headed ogre
  7429 | D:9      | Killed a two-headed ogre
  7430 | D:9      | Reached skill level 11 in Axes
  7510 | D:9      | Found an iron altar of Okawaru.
  7513 | D:9      | Found a shimmering altar of Xom.
  7513 | D:9      | Found a white marble altar of Elyvilon.
  7515 | D:9      | Found a sparkling altar of Nemelex Xobeh.
  7515 | D:9      | Found a stormy altar of Qazlal.
  7515 | D:9      | Found a hide-covered altar of Uskayaw.
  8497 | D:10     | Entered Level 10 of the Dungeon
  8611 | D:10     | HP: 1/61 [ice dragon (4)]
  8614 | D:10     | Killed an ice dragon
  9158 | D:10     | Found a white marble altar of Elyvilon.
  9177 | D:10     | Reached skill level 12 in Axes
  9199 | D:10     | Reached XP level 11. HP: 57/66 MP: 11/11
  9304 | D:10     | Noticed Maggie
  9324 | D:10     | Killed Maggie
  9747 | D:11     | Noticed a two-headed ogre
  9757 | D:11     | Killed a two-headed ogre
  9961 | D:11     | Noticed an orc knight
  9963 | D:11     | Noticed a mana viper
  9964 | D:11     | Noticed a cyclops
 10175 | D:11     | Gained mutation: You are dopey. (Int -2) [potion of
                  | mutation]
 10175 | D:11     | Gained mutation: You are somewhat resistant to further
                  | mutation. [potion of mutation]
 10176 | D:11     | Lost mutation: You are dopey. (Int -2) [potion of mutation]
 10176 | D:11     | Lost mutation: You are somewhat resistant to further
                  | mutation. [potion of mutation]
 10176 | D:11     | Gained mutation: You are agile. (Dex +4, Str/Int -1)
                  | [potion of mutation]
 10176 | D:11     | Gained mutation: You are weak. (Str -2) [potion of
                  | mutation]
 10176 | D:11     | Gained mutation: Your spells are a little harder to cast,
                  | but a little more powerful. [potion of mutation]
 10177 | D:11     | Lost mutation: You are weak. (Str -2) [potion of mutation]
 10177 | D:11     | Lost mutation: Your spells are a little harder to cast, but
                  | a little more powerful. [potion of mutation]
 10177 | D:11     | Gained mutation: You possess an exceptional clarity of
                  | mind. [potion of mutation]
 10177 | D:11     | Gained mutation: You have sharp fingernails. [potion of
                  | mutation]
 10177 | D:11     | Gained mutation: You are partially covered in iridescent
                  | scales. (AC +2) [potion of mutation]
 10185 | D:11     | Found a staircase to the Orcish Mines.
 10328 | D:11     | Noticed a deep elf pyromancer
 10385 | D:11     | Noticed a cyclops
 10390 | D:11     | Killed an orc knight
 10401 | D:11     | Killed a cyclops
 10402 | D:11     | Reached skill level 13 in Axes
 10583 | D:11     | Noticed an orc knight
 10609 | D:11     | Slain by a fire elemental

Illustrated notes

Levels and vault maps discovered:
D:1:      eino_arrival_water_cross, layout_rooms, serial_forest,
          infiniplex_forest_clump_medium, infiniplex_forest_lined_room_2,
          infiniplex_forest_clump_long, infiniplex_forest_clump_medium,
          infiniplex_forest_clump_medium, infiniplex_forest_lined_3,
          chequers_ecumenical_altar_island
D:2:      minmay_roachtagon, layout_basic, serial_shops, nicolae_shop_waterfront
D:3:      layout_basic, mainiacjoe_overflow_brackets,
          nicolae_tso_besieged_by_evil
D:4:      layout_rooms, minmay_temple_entry_wispy
D:5:      kennysheep_slugbush, layout_rooms,
          mainiacjoe_overflow_surrounded_room, ashenzari_conservatory_becter,
          kennysheep_diamond, nicolae_shop_unique_rings, dreamdust_wishing_well,
          grunt_ministairs_10, uniq_menkaure, uniq_ijyb, uniq_edmund
D:6:      layout_loops_ring, glass_columns_b, corexii_shack,
          nicolae_stop_n_shop_2, minivault_11, uniq_crazy_yiuf_cottage
D:7:      layout_basic, lemuel_tele_altar, nicolae_ru_great_annihilating_truth,
          lemuel_round_altar
D:8:      layout_basic, grunt_livestock, uniq_psyche
D:9:      dragon1_lemuel, layout_loops_ring, amcnicky_altar_gilded,
          doesnt_xom_only_xom
D:10:     layout_roguey, mainiacjoe_overflow_catwalk, uniq_maggie
D:11:     hangedman_cross_cluster, layout_basic, david_lair_shrubbed,
          orc_0_dummy
Temple:   hellmonk_temple_flake

Skill      XL: |  1  2  3  4  5  6  7  8  9 10 11 |
---------------+----------------------------------+-----
Axes           | 2 3 4 5 6 8 10 12 13 | 13.1
Fighting       | 4 5 6 7 |  7.0
Armour         | 4 5 7 8 |  8.1
Dodging        | 1 2 3 |  3.0
Shields        | 4 5 |  5.8
Stealth        | 1 2 |  2.0

Action                   |  1- 3 |  4- 6 |  7- 9 | 10-12 || total
-------------------------+-------+-------+-------+-------++-------
Melee: War axe           |    90 |   165 |   371 |   283 ||   909
Invok: Potion Petition   |       |       |       |     1 ||     1
  Use: Potion            |       |     1 |     3 |     7 ||    11
       Scroll            |       |       |     7 |    17 ||    24
 Stab: Paralysed         |       |       |     1 |       ||     1
       Distracted        |       |       |       |     1 ||     1
Armor: Scale mail        |    57 |    91 |       |       ||   148
       Ring mail         |       |     7 |   100 |       ||   107
       Chain mail        |       |       |   123 |   188 ||   311
Dodge: Dodged            |    54 |    65 |   167 |   111 ||   397
Block: Buckler           |    26 |    39 |   106 |    70 ||   241

Table legend: (Time is in decaauts)
 A = Elapsed time spent in this place.
 B = Non-inter-level travel time spent in this place.
 C = Inter-level travel time spent in this place.
 D = Time resting spent in this place.
 E = Time spent auto-exploring this place.
 F = Levels seen in this place.
 G = Mean time per level.
                   A        B        C        D        E       F      G
               +--------+--------+--------+--------+--------+-----+--------+
         Total |  10746 |  10003 |    743 |    994 |   7147 |  12 |  895.5 |
       Dungeon |  10596 |   9863 |    733 |    994 |   7020 |  11 |  963.3 |
        Temple |    149 |    139 |     10 |      0 |    127 |   1 |  149.0 |
               +--------+--------+--------+--------+--------+-----+--------+

Top non-repeatable levels by time:
     D:9: 1712 daAuts
    D:10: 1225 daAuts
     D:3: 1194 daAuts
     D:6: 1013 daAuts
     D:4: 955 daAuts
    D:11: 857 daAuts
     D:8: 847 daAuts
     D:5: 825 daAuts
     D:7: 762 daAuts
     D:2: 653 daAuts
     D:1: 549 daAuts
  Temple: 149 daAuts
